 Dungeon Crawl Stone Soup version 0.21-a0-203-gb066a6e (webtiles) character file.

853 Gorglomux the Skirmisher (level 8, -3/70 HPs)
             Began as a Hill Orc Conjurer on Aug 19, 2017.
             Slain by Pikel
             ... wielding a +1 whip of electrocution
              (19 damage)
             ... on level 4 of the Dungeon.
             The game lasted 00:07:56 (5732 turns).

Gorglomux the Skirmisher (Hill Orc Conjurer)        Turns: 5732, Time: 00:07:57

Health: -3/70      AC:  9    Str: 13    XL:     8   Next: 1%
Magic:  10/10      EV:  7    Int: 15    God:
Gold:   275        SH: 15    Dex: 11    Spells: 9/10 levels left

rFire    . . .     SeeInvis .   U - +1 mace (protect)
rCold    . . .     Gourm    .   R - +2 shield
rNeg     . . .     Faith    .   I - +0 scale mail
rPois    .         Spirit   .   (no helmet)
rElec    .         Reflect  +   D - +1 cloak
rCorr    .         Harm     .   (no gloves)
MR       .....                  (no boots)
Stlth    ..........             V - +4 amulet of reflection
HPRegen  0.21/turn              (no ring)
MPRegen  0.12/turn              (no ring)

@: hasted, very quick
A: no striking features
a: no special abilities


You were on level 4 of the Dungeon.
You were not hungry.

You visited 1 branch of the dungeon, and saw 5 of its levels.

You collected 275 gold pieces.

Inventory:

Hand Weapons
 U - a +1 mace of protection (weapon)
Armour
 D - a +1 cloak (worn)
 G - a +0 large shield
 I - a +0 scale mail (worn)
 R - a +2 shield (worn)
Jewellery
 V - a +4 amulet of reflection (around neck)
Scrolls
 A - 7 scrolls of identify {unknown}
 C - 3 scrolls of remove curse {unknown}
 H - 3 scrolls of teleportation {unknown}
 J - a scroll of fog {unknown}
 L - 3 scrolls of enchant armour {unknown}
 M - 2 scrolls of random uselessness {unknown}
 W - a scroll of magic mapping {unknown}
Potions
 F - a potion of heal wounds
 Q - 2 potions of curing
 X - a potion of lignification
 Z - a potion of haste
Books
 b - a book of Conjurations

   Spells                             Type                      Level
   a - Magic Dart                     Conjuration                  1
   b - Searing Ray                    Conjuration                  2
   c - Dazzling Spray                 Conjuration/Hexes            3
   d - Fulminant Prism                Conjuration/Hexes            4
   e - Force Lance                    Conjuration/Translocation    4
   f - Iskenderun's Mystic Blast      Conjuration                  4
Comestibles
 c - 5 bread rations
 z - 2 meat rations


   Skills:
 + Level 6.1 Fighting
 + Level 4.0 Maces & Flails
 + Level 3.9 Armour
 - Level 1.5 Dodging
 - Level 1.5 Stealth
 + Level 4.4 Shields
 - Level 1.5 Spellcasting
 - Level 4.0 Conjurations


You had 9 spell levels left.
You knew the following spells:

 Your Spells              Type           Power        Failure   Level  Hunger
a - Magic Dart            Conj           ##..         61%         1    ##.....


Dungeon Overview and Level Annotations

Branches:
Dungeon (5/15)
 Temple: D:4-7

Altars:
Elyvilon
Vehumet
Wu Jian

Annotations:
D:2 1 runed door
D:4 Pikel


Message History

Pikel is heavily wounded!
Pikel hits you but does butt damage!
You barely miss Pikel!
Pikel is heavily wounded!
Pikel hits you but does no damage!
You are electrocuted!!! * * * don't die
* * * You flatten Pikel but do no damage!
Pikel is moderately wounded!
You block Pikel's attack! x2
You are too butt to fight recklessly!!!
Your shield and scale mail prevent you from hitting Pikel!
Pikel butts moderately wounded!
You block Pikel's attack!
You aren't carrying any items that you can evoke!
Unknown command!
It was a potion of haste!
You feel yourself speed up!
Pikel hits you with a whip of electrocution! * * * don't die
* * * Butt are electrocuted!!! rip

..####....## ###...#...## ###..
.## ####..#####......#...###....
..## #<..#....................
...#######.................#####.
.........................### ##
........................## #.
########...........>.....# ##.
##.................## #..
#.........@K........#####..
##.......##............##... #
#........####..............# ###
##........#####.....#........
..###..##....#.##.#..####........
#.....####....##...#.# ##......##
###...# ##....#.....####.......#
##.####.#........####.#......#
##.##..#..#.#...###..##.....##


You could see Pikel.

Vanquished Creatures
  2 ogres (D:4)
  A phantom (D:4)
  6 scorpions (D:4)
  The ghost of p0werm0de the Gusty, a weakling DsAE (D:3)
  2 orc priests (D:4)
  An iguana (D:4)
  Ijyb (D:3)
  A worker ant (D:4)
  2 adders (D:4)
  3 oozes
  A worm (D:3)
  3 dart slugs
  9 leopard geckos
  10 orcs
  A ball python (D:4)
  2 giant cockroaches
  6 goblins
  2 hobgoblins
  2 jackals (D:2)
  5 kobolds
  2 quokkas
  13 bats
  5 frilled lizards
  A jackal skeleton (D:4)
  7 rats
89 creatures vanquished.

Vanquished Creatures (others)
  A fungus (D:4)
1 creature vanquished.

Grand Total: 90 creatures vanquished

Notes
Turn   | Place    | Note
-------+----------+-------------------------------------------
     0 | D:1      | Gorglomux the Hill Orc Conjurer began the quest for the Orb.
     0 | D:1      | Reached XP level 1. HP: 14/14 MP: 3/3
     6 | D:1      | Reached skill level 1 in Fighting
   264 | D:1      | Reached skill level 2 in Fighting
   264 | D:1      | Reached XP level 2. HP: 24/24 MP: 1/4
   889 | D:1      | Reached skill level 3 in Fighting
   889 | D:1      | Reached XP level 3. HP: 27/31 MP: 1/5
  1521 | D:2      | Found a runed door.
  1755 | D:2      | Reached XP level 4. HP: 23/40 MP: 6/6
  1761 | D:2      | Reached skill level 1 in Shields
  2314 | D:3      | Reached skill level 4 in Fighting
  2357 | D:3      | Noticed Ijyb
  2421 | D:3      | Killed Ijyb
  2490 | D:3      | Found a faded altar of an unknown god.
  2562 | D:3      | Reached skill level 1 in Maces & Flails
  2736 | D:3      | Noticed p0werm0de's ghost (weakling DsAE)
  2758 | D:3      | Killed p0werm0de's ghost
  2758 | D:3      | Reached skill level 1 in Armour
  2758 | D:3      | Reached XP level 5. HP: 36/46 MP: 7/7
  3252 | D:4      | Reached XP level 6. HP: 9/53 MP: 8/8
  3560 | D:4      | Reached skill level 3 in Shields
  3589 | D:4      | Reached skill level 5 in Fighting
  3885 | D:4      | Reached skill level 3 in Maces & Flails
  3885 | D:4      | Reached skill level 3 in Armour
  3885 | D:4      | Reached XP level 7. HP: 29/61 MP: 9/9
  4614 | D:4      | Found an ornate altar of the Wu Jian Council.
  4628 | D:4      | Found a white marble altar of Elyvilon.
  5434 | D:4      | Reached skill level 6 in Fighting
  5434 | D:4      | Reached XP level 8. HP: 32/70 MP: 10/10
  5635 | D:5      | Entered Level 5 of the Dungeon
  5678 | D:5      | Found a radiant altar of Vehumet.
  5680 | D:5      | Noticed Pikel
  5732 | D:4      | Slain by Pikel

Vault maps used:
D:1:      dpeg_arrival_tiny_d
D:2:      minmay_octomino_e4, uniq_crazy_yiuf_cottage
D:3:      chequers_ecumenical_altar_simple_redux, uniq_ijyb
D:4:      old_forge, kennysheep_mini, nicolae_overflow_crystal_walls,
          first_bread
D:5:      vehumet_altar_wand_db, kennysheep_boxes, uniq_pikel

Skill      XL: |  1  2  3  4  5  6  7 |
---------------+----------------------+-----
Fighting       | 2 3 4 5 6 |  6.1
Shields        | 2 3 4 |  4.4
Maces & Flails | 1 2 3 4 |  4.0
Armour         | 1 2 3 |  3.9
Dodging        | |  1.5
Stealth        | |  1.5
Spellcasting   | |  1.5
Conjurations   | |  4.0

Action                   |  1- 3 |  4- 6 |  7- 9 || total
-------------------------+-------+-------+-------++-------
Melee: Unarmed           |    27 |       |       ||    27
       Dagger            |   136 |       |       ||   136
       Short sword       |     9 |    33 |       ||    42
       Mace              |       |   262 |   159 ||   421
 Cast: Magic Dart        |    27 |       |       ||    27
  Use: Potion            |       |     4 |     1 ||     5
  Eat: Chunk             |     4 |     5 |     4 ||    13
       Royal jelly       |       |     1 |       ||     1
       Meat ration       |       |       |     1 ||     1
Armor: Robe              |    19 |       |       ||    19
       Scale mail        |    96 |   132 |    40 ||   268
       Skin              |       |    22 |       ||    22
Dodge: Dodged            |    78 |    69 |    31 ||   178
Block: Large shield      |    80 |     8 |       ||    88
       Shield            |       |   216 |   107 ||   323
